 Dungeon Crawl Stone Soup version 0.29-a0-885-gb26ba3297d (webtiles) character file.

Game seed: 16074945691633134599

2290 kevlar127 the Grappler (level 9, -1/138 HPs)
             Began as a Troll Berserker on July 20, 2022.
             Was an Elder of Trog.
             Slain by a gnoll
             ... wielding a +0 club
             ... led by a gnoll bouda
              (4 damage)
             ... on level 7 of the Dungeon.
             The game lasted 00:11:20 (5657 turns).

kevlar127 the Grappler (Troll Berserker)            Turns: 5657, Time: 00:11:21

Health: -1/138     AC:  5    Str: 31    XL:     9   Next: 17%
Magic:  8/8        EV: 10    Int:  3    God:    Trog [****..]
Gold:   299        SH:  0    Dex: 15    Spells: 8/8 levels left

rFire   . . .      SeeInvis .     - Unarmed
rCold   . . .      Faith    .   (no shield)
rNeg    . . .      Spirit   .   s - +1 robe {Will+}
rPois   .          Reflect  .   (helmet restricted)
rElec   .          Harm     .   (no cloak)
rCorr   +          Rampage  .   (gloves unavailable)
Will    +....                   (boots unavailable)
Stlth   ..........              (no amulet)
HPRegen 1.13/turn               n - +6 ring of dexterity
MPRegen 0.11/turn               B - ring of resist corrosion

@: berserking, lethally poisoned (-1 -> -2), very quick
A: large, unfitting armour, claws 3, regeneration 1, shaggy fur 1, tough skin 1
a: Renounce Religion, Berserk, Trog's Hand, Brothers in Arms


You were on level 7 of the Dungeon.
You worshipped Trog.
Trog was greatly pleased with you.
You visited 1 branch of the dungeon, and saw 7 of its levels.

You collected 299 gold pieces.

Inventory:

Missiles
 a - 3 atropa-tipped darts
 e - 45 stones (quivered)
 m - 4 javelins
 o - 9 poisoned darts
 p - 2 boomerangs
Armour
 s - a +1 robe of willpower (worn)
Jewellery
 g - a ring of ice
 n - a +6 ring of dexterity (left claw)
 B - a ring of resist corrosion (right claw)
Wands
 r - a wand of charming (12)
 t - a wand of light (9)
Scrolls
 d - 7 scrolls of identify {unknown}
 h - a scroll of fog {unknown}
 i - a scroll of teleportation {unknown}
 j - 4 scrolls of immolation {unknown}
 k - 3 scrolls of blinking {unknown}
 l - a scroll of fear {unknown}
 y - 2 scrolls of vulnerability {unknown}
 A - a scroll of enchant weapon {unknown}
Potions
 b - a potion of lignification {unknown}
 c - 4 potions of heal wounds {unknown}
 f - a potion of haste {unknown}
 u - 3 potions of curing {unknown}
 v - a potion of cancellation {unknown}
 w - 2 potions of berserk rage {unknown}
 x - a potion of degeneration {unknown}
 z - a potion of might {unknown}


   Skills:
 + Level 6.8 Fighting
 - Level 5.0 Throwing
 - Level 3.0 Dodging
 + Level 8.1 Unarmed Combat


You had 8 spell levels left.
You didn't know any spells.
Your spell library was empty.

Dungeon Overview and Level Annotations

Branches:
Dungeon (7/15)
 Temple: D:4-7

Altars:
Cheibriados
Hepliaklqana
Vehumet
Yredelemnul


Innate Abilities, Weirdness & Mutations

You are too large for most types of armour.
You have claws for hands.
Your natural rate of healing is unusually fast.
You are covered in fur. (AC +1)
You have tough skin. (AC +1)


Message History

You kill the gnoll!
Trog accepts your kill.
You feel very sick. The gnoll hits you with a +0 club.
You feel very sick.
Things that are here:
a +0 whip of venom; a gnoll corpse You closely miss the gnoll.
You feel sick. The gnoll hits you with a +0 club.
You scratch the gnoll.
The gnoll is moderately wounded.
You feel sick. The gnoll hits you with a +0 club.
You barely miss the gnoll bouda.
You feel sick. The gnoll hits you with a +0 club.
The gnoll bouda closely misses you. The two-headed ogre misses you.
The two-headed ogre hits you with a +0 giant spiked club!
The gnoll barely misses you.
You claw the gnoll bouda!
The gnoll bouda is heavily wounded.
You feel sick. The gnoll hits you but does no damage.
The gnoll bouda barely misses you. The gnoll completely misses you.
Unknown command.
A red film seems to cover your vision as you go berserk!
You feel yourself moving faster!
You feel mighty!
You feel sick.
The two-headed ogre hits you with a +0 dire flail!!
* * * LOW HITPOINT WARNING * * *
The two-headed ogre hits you with a +0 giant spiked club!!
* * * LOW HITPOINT WARNING * * *
The gnoll hits you with a +0 club.
* * * LOW HITPOINT WARNING * * *
The gnoll bouda closely misses you.
The gnoll hits you from afar with a +0 halberd.
* * * LOW HITPOINT WARNING * * *
You mangle the two-headed ogre!! Your claw misses the two-headed ogre.
The two-headed ogre is heavily wounded.
You feel sick.
You mangle the two-headed ogre!!
You kill the two-headed ogre!
Trog accepts your kill. The gnoll hits you with a +0 club.
You die...

#######
##...!@###
#.....)gg.##
#.......g..#
.............#
#.............#
##............#
##...##...#..#
#..# .#.#.....
##. ...#.!#.##


You could see a gnoll bouda and 2 gnolls.

Vanquished Creatures
  A two-headed ogre (D:7)
  Grinder (D:4)
  Sigmund (D:5)
  Duvessa (D:5)
  A black bear (D:4)
  An ice beast (D:5)
  A sky beast (D:6)
  An orc warrior (D:6)
  Blork the orc (D:5)
  A scorpion (D:5)
  A necrophage (D:4)
  A water moccasin zombie (D:6)
  Dowan (D:5)
  4 bullfrog zombies (D:6)
  A centaur zombie (D:6)
  3 hounds (D:4)
  2 gnoll boudas
  4 orc priests
  2 jellies
  Ijyb (D:4)
  3 iguanas
  6 orc wizards
  A howler monkey zombie (D:6)
  17 gnolls
  10 adders
  2 shadow imps (D:5)
  A white imp (D:6)
  An ufetubus (D:5)
  3 dart slugs
  31 orcs
  7 bats
  5 endoplasms
  2 giant cockroaches
  5 goblins
  10 hobgoblins
  6 quokkas
  9 ball pythons
  5 frilled lizards
  5 kobolds (D:1)
  3 rats
162 creatures vanquished.

Vanquished Creatures (others)
  3 plants (D:4)
3 creatures vanquished.

Grand Total: 165 creatures vanquished

Notes
Turn   | Place    | Note
-------+----------+-------------------------------------------
     0 | D:1      | kevlar127 the Troll Berserker began the quest for the Orb.
     0 | D:1      | Reached XP level 1. HP: 22/22 MP: 0/0
    56 | D:1      | Reached XP level 2. HP: 29/29 MP: 1/1
   268 | D:1      | Reached ** piety under Trog
   317 | D:1      | Reached XP level 3. HP: 34/36 MP: 2/2
  1292 | D:2      | Found a snail-covered altar of Cheibriados.
  1572 | D:3      | Reached XP level 4. HP: 19/45 MP: 3/3
  1575 | D:3      | Reached skill level 4 in Unarmed Combat
  1868 | D:3      | Found a hazy altar of Hepliaklqana.
  2106 | D:3      | Reached XP level 5. HP: 40/53 MP: 4/4
  2504 | D:4      | Noticed Ijyb
  2514 | D:4      | Killed Ijyb
  2702 | D:4      | Reached skill level 5 in Unarmed Combat
  2702 | D:4      | Reached XP level 6. HP: 41/62 MP: 5/5
  3048 | D:4      | Noticed Grinder
  3069 | D:4      | Reached skill level 1 in Throwing
  3073 | D:4      | Reached *** piety under Trog
  3095 | D:4      | Killed Grinder
  3096 | D:4      | Reached XP level 7. HP: 59/71 MP: 6/6
  3684 | D:5      | Entered Level 5 of the Dungeon
  3691 | D:5      | Reached skill level 5 in Fighting
  3691 | D:5      | Reached skill level 6 in Unarmed Combat
  4113 | D:5      | Reached XP level 8. HP: 68/80 MP: 7/7
  4195 | D:5      | Noticed Blork the orc
  4200 | D:5      | Noticed Duvessa
  4210 | D:5      | Killed Blork the orc
  4218 | D:5      | Killed Duvessa
  4219 | D:5      | Noticed Dowan
  4223 | D:5      | Killed Dowan
  4236 | D:5      | Reached skill level 7 in Unarmed Combat
  4240 | D:5      | Noticed Sigmund
  4276 | D:5      | Killed Sigmund
  4532 | D:5      | Found a radiant altar of Vehumet.
  4914 | D:6      | Reached skill level 5 in Throwing
  4980 | D:6      | Reached **** piety under Trog
  5005 | D:6      | Reached XP level 9. HP: 69/92 MP: 8/8
  5385 | D:6      | Reached skill level 8 in Unarmed Combat
  5395 | D:6      | Found a basalt altar of Yredelemnul.
  5645 | D:7      | Noticed a two-headed ogre
  5655 | D:7      | HP: 5/138 [gnoll/+0 club[a gnoll bouda] (5)]
  5655 | D:7      | HP: 2/138 [gnoll/+0 halberd[a gnoll bouda] (3)]
  5657 | D:7      | Killed a two-headed ogre
  5657 | D:7      | Slain by a gnoll

Illustrated notes

Levels and vault maps discovered:
D:1:      minmay_arrival_stair_chambers, layout_loops_cross
D:2:      layout_basic, serial_forest, infiniplex_forest_lined_1,
          infiniplex_forest_clump_double, infiniplex_forest_lined_room_2,
          infiniplex_forest_lined_room_2, infiniplex_forest_diagonal,
          infiniplex_forest_zigzag_1, basic_altar
D:3:      layout_rooms, mainiacjoe_overflow_boulevard
D:4:      layout_loops_corners, serial_bayou, serial_bayou_pond_e,
          serial_bayou_ford_a, serial_bayou_shore_a, serial_bayou_shore_b,
          uniq_ijyb, uniq_grinder
D:5:      layout_rooms, nicolae_vehumet_radiance, uniq_sigmund,
          uniq_blork_the_orc, uniq_duvessa
D:6:      layout_basic, nicolae_yredelemnul_corpse_copse
D:7:      layout_cave_pods, minmay_temple_entry_mini_moons, abandoned_shop,
          amcnicky_mini_rare_corridor_liquid, kennysheep_nub

Skill      XL: |  1  2  3  4  5  6  7  8  9 |
---------------+----------------------------+-----
Fighting       | 3 4 5 6 |  6.8
Dodging        | 3 |  3.0
Unarmed Combat | 4 5 6 7 8 |  8.1
Throwing       | 2 3 5 |  5.0

Action                   |  1- 3 |  4- 6 |  7- 9 || total
-------------------------+-------+-------+-------++-------
Melee: Unarmed           |   128 |   132 |   204 ||   464
       Punch             |     1 |     3 |     7 ||    11
Throw: Dart              |       |       |     5 ||     5
       Stone             |       |       |     2 ||     2
Invok: Berserk           |     1 |     2 |     5 ||     8
       Trog's Hand       |       |       |     1 ||     1
 Stab: Sleeping          |     1 |     1 |     1 ||     3
       Invisible         |       |       |     2 ||     2
Armor: Animal skin       |    53 |    23 |    19 ||    95
       Robe              |       |       |    31 ||    31
Dodge: Dodged            |    77 |    48 |   117 ||   242

Table legend: (Time is in decaauts)
 A = Elapsed time spent in this place.
 B = Non-inter-level travel time spent in this place.
 C = Inter-level travel time spent in this place.
 D = Time resting spent in this place.
 E = Time spent auto-exploring this place.
 F = Levels seen in this place.
 G = Mean time per level.
                   A        B        C        D        E       F      G
               +--------+--------+--------+--------+--------+-----+--------+
         Total |   5685 |   5405 |    280 |   1441 |   3047 |   7 |  812.1 |
       Dungeon |   5685 |   5405 |    280 |   1441 |   3047 |   7 |  812.1 |
               +--------+--------+--------+--------+--------+-----+--------+

Top non-repeatable levels by time:
     D:4: 1812 daAuts
     D:6: 825 daAuts
     D:3: 806 daAuts
     D:2: 761 daAuts
     D:1: 739 daAuts
     D:5: 723 daAuts
     D:7: 16 daAuts
